[Event "*** Titled Tuesday 3|2 Blitz"]
[Site "Chess.com"]
[Date "2015.06.02"]
[Round "7"]
[White "Gevorg_Harutjunyan"]
[Black "Keaton87"]
[Result "1-0"]
[WhiteElo "2535"]
[BlackElo "2397"]
[TimeControl "180+2"]
[EndTime "12:29:07 PDT"]
[Termination "Gevorg_Harutjunyan won by checkmate"]

1. e4 c5 2. Nc3 a6 3. f4 b5 4. Nf3 Bb7 5. d4 b4 6. Na4 cxd4 7. Qxd4 Nc6 8. Qb6 Qxb6 9. Nxb6 Rd8 10. Be3 d6 11. O-O-O Nf6 12. Bd3 Nd7 13. Nd5 Rc8 14. Rhe1 e6 15. Nb6 Nxb6 16. Bxb6 Be7 17. f5 Ne5 18.
Nd4 Nxd3+ 19. Rxd3 Bg5+ 20. Kb1 Ke7 21. Nf3 Bf6 22. e5 dxe5 23. Nxe5 Bd5 24. Ba5 Bxe5 25. Rxe5 Kd6 26. Re4 Kc6 27. Rxb4 Rb8 28. Rg4 g6 29. c4 Bxc4 30. Rxc4+ Kb5 31. b3 Kxa5 32. fxe6 fxe6 33. Rd6 Rb6 34. Rd7 h5 35. Kb2 Rf8 36. Kc3 Rf5 37.
Rdd4 Rd5 38. Rxd5+ exd5 39. Rc5+ Rb5 40. Rc6 Rb6 41. b4+ Kb5 42. Rc5+ Ka4 43. Ra5# 1-0

[Event "*** Titled Tuesday 3|2 Blitz"]
[Site "Chess.com"]
[Date "2015.06.02"]
[Round "7"]
[White "lexiel"]
[Black "Malev212"]
[Result "0-1"]
[WhiteElo "1945"]
[BlackElo "2224"]
[TimeControl "180+2"]
[EndTime "12:29:18 PDT"]
[Termination "Malev212 won by resignation"]

1. d4 d6 2. c4 f5 3. e3 Nf6 4.
Nf3 g6 5. Be2 Bg7 6. O-O O-O 7.
Nc3 c6 8. b4 a6 9. a4 Nbd7 10.
Bb2 e5 11. dxe5 dxe5 12. Qb3 Qe7 13. Ng5 Kh8 14. c5 a5 15. Ne6 axb4 16. Nxf8 bxc3 17.
Nxg6+ hxg6 18. Bxc3 Ne4 19. Bb4 Ndf6 20. Bc4 Ng4 21. f3 Nxh2 22. fxe4 Ng4 23. Rf3 Bh6 24. exf5 Bxf5 25. e4 Bxe4 26. Rh3 Kg7 27. Re1 Bf5 28.
Bd3 Rd8 29. Bxf5 gxf5 30. Qf3 Kg6 31. Rxh6+ Nxh6 32. Rf1 Rd4 33. Bc3 Rf4 34. Qg3+ Ng4 35. Rxf4 exf4 36. Qxf4 Qxc5+ 37. Qd4 Qxd4+ 38. Bxd4 f4 39. Kf1 Kf5 40. Ke2 Ke4 41. Bb6 Ne5 42. Bc7 Nc4 43. Bb8 Nb2 44. a5 Nc4 45. Bc7 c5 46. Bd8 Ne3 47. Bb6 c4 48. g3 f3+ 49. Kf2 Ng4+ 50. Ke1 Kd3 0-1

[Event "*** Titled Tuesday 3|2 Blitz"]
[Site "Chess.com"]
[Date "2015.06.02"]
[Round "7"]
[White "only_defence"]
[Black "GMG"]
[Result "0-1"]
[WhiteElo "2113"]
[BlackElo "2448"]
[TimeControl "180+2"]
[EndTime "12:29:23 PDT"]
[Termination "GMG won by resignation"]

1. d4 Nf6 2. c4 c5 3. Nf3 cxd4 4. Nxd4 e6 5. g3 Bc5 6. Nb3 Be7 7. Bg2 Qc7 8. N1d2 d6 9. O-O O-O 10. Nd4 a6 11. b3 Nbd7 12. Bb2 Re8 13. Nb1 Bf8 14. Nc3 Ne5 15. Rc1 Bd7 16. e3 h5 17.
h3 Rad8 18. Qd2 Ng6 19. Rfd1 Qc8 20. Kh2 Qb8 21. a4 h4 22. Nde2 hxg3+ 23. Nxg3 Bc6 24. Qd4 Bxg2 25. Kxg2 Qc8 26. Nce4 Be7 27. Qd3 Qc6 28.
Kh2 Nd7 29. Qd4 Nf6 30. Qd3 Kf8 31. Bxf6 Bxf6 32. Nxf6 gxf6 33. Qe4 f5 34. Qxc6 bxc6 35. Ne2 c5 36. f4 Ke7 37. Rg1 Rb8 38. Rc3 Rh8 39. Nc1 Nf8 40. Rd3 Nd7 41. Rgd1 Rb6 42.
Rg1 Nf6 43. Rg3 Ne4 44. Rf3 Rbb8 45. Ne2 Rhg8 46. Ng3 Rg7 47. Nh5 Rg6 48. Rf1 Rbg8 49. Rdd1 Rg2+ 50. Kh1 Rb2 51. Rb1 Rxb1 52. Rxb1 Rh8 53.
Rg1 Rxh5 54. Kh2 Rh8 0-1

[Event "*** Titled Tuesday 3|2 Blitz"]
[Site "Chess.com"]
[Date "2015.06.02"]
[Round "7"]
[White "Vandros57"]
[Black "esr44"]
[Result "0-1"]
[WhiteElo "1800"]
[BlackElo "2013"]
[TimeControl "180+2"]
[EndTime "12:29:34 PDT"]
[Termination "esr44 won on time"]

1. e4 c5 2. Nc3 a6 3. g3 b5 4. Bg2 Bb7 5. d3 e6 6. a4 b4 7.
Nce2 Be7 8. f4 f5 9. Nh3 Nf6 10. Nf2 O-O 11. O-O fxe4 12. Nxe4 d5 13. Nxf6+ Bxf6 14. c3 a5 15. Bd2 Qb6 16. Kh1 Nd7 17. Qc2 e5 18. h3 Rae8 19. Rae1 b3 20. Qd1 c4 21. dxc4 dxc4 22. Ng1 Bxg2+ 23. Kxg2 Qc6+ 24. Qf3 Qxa4 25. Qd5+ Kh8 26. Re4 Nb6 27. Qb7 Qd7 28. Qxd7 Nxd7 29. Rxc4 exf4 30. Bxf4 Ne5 31. Bxe5 Bxe5 32.
Rxf8+ Rxf8 33. Nf3 Bf6 34. Ra4 Bd8 35. Nd4 h5 36. Nxb3 h4 37. g4 Re8 38. Nd4 Re3 39.
Rc4 Rg3+ 40. Kh2 Bf6 41. Rc8+ Kh7 42. Nf5 Rd3 43. Rb8 Be5+ 44. Kg1 Bxb8 0-1

[Event "*** Titled Tuesday 3|2 Blitz"]
[Site "Chess.com"]
[Date "2015.06.02"]
[Round "7"]
[White "VSERGUEI"]
[Black "Cryptochess"]
[Result "1-0"]
[WhiteElo "2494"]
[BlackElo "2375"]
[TimeControl "180+2"]
[EndTime "12:29:35 PDT"]
[Termination "VSERGUEI won by resignation"]

1. d4 Nf6 2. c4 e6 3. Nc3 Bb4 4. f3 d5 5. a3 Be7 6. e4 dxe4 7.
fxe4 e5 8. d5 O-O 9. Nf3 Bg4 10.
h3 Bxf3 11. Qxf3 Bc5 12. Bd3 Nbd7 13. Bd2 Bd4 14. O-O-O a5 15. Kb1 c6 16. Rc1 Nc5 17. Bc2 a4 18. Ka2 Qb6 19. Rb1 Qa6 20. Qe2 Nfd7 21.
Nd1 Nb3 22. Bb4 Ndc5 23. Rf1 Rab8 24. Rf3 b5 25. cxb5 Rxb5 26. Nc3 Rxb4 27. axb4 Bxc3 28. Qxa6 Nxa6 29. bxc3 Nd2 30. dxc6 Nxb1 31. Kxb1 a3 32. Ka2 Rc8 33. b5 Nc5 34. c4 Kf8 35. Rxa3 Ke7 36. Ra7+ Kd6 37. Rxf7 Ne6 38. Kb2 Kc5 39. Re7 Kd6 40.
Rd7+ Kc5 41. Rd5+ Kxc4 42. Bb3+ Kb4 43. Rxe5 Nc5 44. Be6 Rc7 45. Kc2 Kxb5 46. Bd5 Na6 47. Kc3 Nc5 48. Kd4 Kb6 49. Re8 Na6 50. Ke5 Nb4 51.
Rb8+ Kc5 52. Rxb4 Re7+ 53. Be6 Kxb4 54. Kd6 Re8 55. c7 Kc3 56. c8=Q+ 1-0

[Event "*** Titled Tuesday 3|2 Blitz"]
[Site "Chess.com"]
[Date "2015.06.02"]
[Round "7"]
[White "MartinZumsande"]
[Black "kesarev"]
[Result "1/2-1/2"]
[WhiteElo "2293"]
[BlackElo "2153"]
[TimeControl "180+2"]
[EndTime "12:29:38 PDT"]
[Termination "Game drawn by repetition"]

1. e4 g6 2. d4 Bg7 3. Nc3 c5 4. dxc5 Bxc3+ 5. bxc3 Qa5 6. Qd4 Nf6 7. Qb4 Nc6 8. Qxa5 Nxa5 9. Bd3 b6 10. cxb6 axb6 11. Ne2 Ba6 12. Rb1 Nc4 13. Bg5 Ng4 14. Rb4 Nce5 15. c4 Nc6 16. Rxb6 Nge5 17. f4 Ng4 18. Kd2 f6 19. Bh4 Kf7 20. h3 Nh6 21. Rhb1 Rhc8 22. Bf2 Ke8 23. R1b2 Na5 24. c5 Nc4+ 25. Bxc4 Bxc4 26.
Nc3 Nf7 27. g3 Nd8 28. R6b4 Be6 29. Nd5 Nc6 30. Rb7 Ra3 31. Nc7+ Kf7 32. Nxe6 Kxe6 33. R7b3 Ra4 34. Ke3 Rca8 35. g4 Rxa2 36. f5+ Kf7 37. Bg3 Rxb2 38. Rxb2 Ra5 39. Rb7 Rxc5 40. Rxd7 Rc3+ 41.
Rd3 Rxc2 42. Kf3 h5 43. gxh5 gxh5 44. Bf4 Nb4 45. Rb3 Nc6 46. Kg3 Nd4 47. Re3 Ne2+ 48. Kf3 Ng1+ 49. Kg3 Ne2+ 50. Kf3 Ng1+ 51. Kg3 Ne2+ 52.
Kf3 Ng1+ 53. Kg3 1/2-1/2

[Event "*** Titled Tuesday 3|2 Blitz"]
[Site "Chess.com"]
[Date "2015.06.02"]
[Round "7"]
[White "redchessman"]
[Black "MFBerna"]
[Result "0-1"]
[WhiteElo "2110"]
[BlackElo "1946"]
[TimeControl "180+2"]
[EndTime "12:30:02 PDT"]
[Termination "MFBerna won by checkmate"]

1. d4 d5 2. c4 e6 3. Nc3 Be7 4. Nf3 Nf6 5. Bg5 O-O 6. e3 h6 7. Bxf6 Bxf6 8. Qd2 c5 9. dxc5 dxc4 10. Bxc4 Qa5 11. Ne4 Qxd2+ 12. Kxd2 Bxb2 13. Rab1 Bf6 14. Nxf6+ gxf6 15. Nd4 Nd7 16. c6 bxc6 17. Nxc6 Nb6 18. Bb5 Bb7 19. Rhc1 Kg7 20. f3 Rfc8 21. Nd4 f5 22. a4 Bd5 23. a5 Nc4+ 24. Bxc4 Bxc4 25. Rb7 Kf6 26. g3 e5 27. Nb5 Bxb5 28. Rxb5 Rxc1 29.
Kxc1 Rc8+ 30. Kd2 Rd8+ 31. Ke2 Rd6 32. e4 fxe4 33. fxe4 Rc6 34. Kd3 Rd6+ 35. Ke3 Rc6 36. Rb7 Ra6 37. Rb5 Rc6 38. Kd2 Rc4 39. Rb7 Rxe4 40.
Rxa7 Ra4 41. Ra6+ Kg7 42. Ke3 f6 43. h3 Ra3+ 44. Kf2 Ra2+ 45. Kf3 Ra3+ 46. Kg4 Kg6 47. h4 h5+ 48. Kh3 e4 49. Kg2 Ra2+ 50. Kf1 Kf5 51. Ra8 Kg4 52. a6 Kf3 53. Kg1 Kxg3 54. Kf1 Kf3 55. a7 Ra1# 0-1

[Event "*** Titled Tuesday 3|2 Blitz"]
[Site "Chess.com"]
[Date "2015.06.02"]
[Round "7"]
[White "alexsuper1987"]
[Black "WGMCarlaHeredia"]
[Result "0-1"]
[WhiteElo "2056"]
[BlackElo "2051"]
[TimeControl "180+2"]
[EndTime "12:30:30 PDT"]
[Termination "WGMCarlaHeredia won by resignation"]

1. e4 c6 2. d4 d5 3. Nc3 dxe4 4. Nxe4 Bf5 5. Ng3 Bg6 6. Bc4 e6 7. N1e2 Bd6 8. O-O Ne7 9. f4 O-O 10. Bd3 c5 11. Bxg6 hxg6 12. c3 Nbc6 13. Kh1 Qc7 14.
Ne4 Rad8 15. Qe1 cxd4 16. cxd4 Nf5 17. Bd2 Nfxd4 18. Nxd4 Nxd4 19. Bc3 Nc2 20. Qh4 Be7 21. Qh3 Nxa1 22. Rxa1 Qd7 23. Qf3 Qd3 24. Qxd3 Rxd3 25. Kg1 Rfd8 26. Kf2 b5 27. Ke2 b4 28. Be5 f6 29.
Bc7 R8d7 30. Ba5 f5 31. Ng5 Rd2+ 32. Ke1 Bxg5 33. fxg5 Rxb2 34. Rc1 Kf7 35. h4 Rb7 36. Bc7 Rxa2 37. Bd6 Rd7 38. Be5 b3 39. Rb1 Ra3 40.
Ke2 a5 41. Ke3 a4 42. Ke2 Ra2+ 43. Ke3 Rb7 44. Bd6 Rc2 45. Ra1 Rd7 46. Ba3 Rc4 47. g4 Rc3+ 48. Kf4 Rc4+ 49. Ke3 Rxg4 50. Rc1 Rg3+ 51. Kf2 Rgd3 52. Rc8 Rd2+ 53. Ke1 Rd8 54. Rc7+ R2d7 55. Rc6 Rb8 56. Bb2 a3 57. Be5 b2 58.
Bxb8 b1=Q+ 59. Ke2 Qxb8 60. Rc2 Qb3 0-1

[Event "*** Titled Tuesday 3|2 Blitz"]
[Site "Chess.com"]
[Date "2015.06.02"]
[Round "7"]
[White "ilmago"]
[Black "WanderingPuppet"]
[Result "0-1"]
[WhiteElo "1873"]
[BlackElo "2114"]
[TimeControl "180+2"]
[EndTime "12:30:35 PDT"]
[Termination "WanderingPuppet won by checkmate"]

1. e4 c5 2. Nf3 d6 3. d4 cxd4 4. Qxd4 Nf6 5. e5 Nc6 6. Bb5 Qa5+ 7. Nc3 Qxb5 8. Nxb5 Nxd4 9. Nbxd4 dxe5 10. Nxe5 a6 11. Bd2 e6 12. O-O-O Be7 13. g4 O-O 14. f4 Rd8 15. Ndf3 Bd7 16. Ba5 Be8 17. Bxd8 Bxd8 18. Rd3 Bb6 19. h3 h6 20. Rhd1 Nd5 21. Rb3 Be3+ 22. Kb1 Bxf4 23. Rxb7 f6 24. Nd3 Bg3 25. Nc5 Bc6 26. Rb3 e5 27. Ne4 Bf4 28. Nc3 Ne3 29. Ne1 Nxd1 30. Nxd1 Rd8 31. Rd3 Rxd3 32. cxd3 Kf7 33. Kc2 e4 34. dxe4 Bxe4+ 35. Kc3 Be5+ 36. Kb4 g6 37. Ka5 Bb7 38. Kb6 Bc8 39. Nd3 Bd4+ 40. Kc7 Be6 41. b3 h5 42. gxh5 gxh5 43. Nb4 a5 44. Nc6 Bg1 45. Nxa5 Bxh3 46. b4 h4 47. b5 Bh2+ 48. Kd8 Bg1 49. Nc4 Bg2 50. a4 h3 51.
Nd6+ Kg6 52. a5 h2 53. b6 h1=Q 54. Nc3 Qh8+ 55. Ne8 Bc6 56. Kc7 Qxe8 57. Kd6 Qd7# 0-1

[Event "*** Titled Tuesday 3|2 Blitz"]
[Site "Chess.com"]
[Date "2015.06.02"]
[Round "7"]
[White "GGuseinov"]
[Black "RitvarsReimanis"]
[Result "0-1"]
[WhiteElo "2446"]
[BlackElo "2367"]
[TimeControl "180+2"]
[EndTime "12:30:48 PDT"]
[Termination "RitvarsReimanis won by resignation"]

1. e4 e6 2. d4 d5 3. Nd2 c6 4.
Ngf3 f5 5. exf5 exf5 6. Be2 Nf6 7.
O-O Bd6 8. Re1 O-O 9. Nf1 Ne4 10. c3 Nd7 11. Ng3 Ndf6 12. Ne5 Bxe5 13. dxe5 Ng4 14. Nxe4 dxe4 15. Qxd8 Rxd8 16. Bg5 Re8 17. Bxg4 fxg4 18. Rxe4 Bf5 19. Re3 h6 20. Bh4 g5 21. Bg3 Rad8 22.
Rae1 Kf7 23. f3 h5 24. fxg4 hxg4 25. R3e2 Ke6 26. Bf2 b6 27. Be3 Rg8 28. Rf2 c5 29. Bc1 Rg6 30. Ref1 Be4 31. Rf6+ Kxe5 32. Rxg6 Bxg6 33.
Bxg5 Rd7 34. Re1+ Be4 35. Kf2 Kf5 36. Bc1 Rh7 37. Kg3 Rg7 38. Rf1+ Ke6 39. Rf8 Bb1 40. a3 Bc2 41. Bf4 Bd1 42. Bb8 Rd7 43. Bf4 Rd3+ 44. Kh4 Rd7 45. Re8+ Kf5 46. Rf8+ Ke6 47. Rh8 Kf5 48.
Bh6 Kg6 49. Bf4 Kf5 50. g3 Bf3 51. Rh5+ Kg6 52. Bb8 Rd2 53. Rg5+ Kf6 54. h3 Rh2 55. Rxg4 Bxg4 56. Kxg4 Rxb2 57. Bxa7 c4 58. a4 Rb3 59. h4 Rxc3 60. Bxb6 Rb3 61. Bd4+ Ke6 62. h5 c3 63. h6 Rb4 64. h7 Rxd4+ 0-1

[Event "*** Titled Tuesday 3|2 Blitz"]
[Site "Chess.com"]
[Date "2015.06.02"]
[Round "7"]
[White "GMHess"]
[Black "Danirod"]
[Result "1-0"]
[WhiteElo "2489"]
[BlackElo "2397"]
[TimeControl "180+2"]
[EndTime "12:30:52 PDT"]
[Termination "GMHess won by checkmate"]

1. g3 d5 2. Bg2 e5 3. d3 Nc6 4. c4 Nf6 5. cxd5 Nxd5 6. Nc3 Nb6 7. Nf3 Be7 8. O-O O-O 9. a4 a5 10. Be3 Be6 11. Bxb6 cxb6 12. Nd2 Bb4 13. Nc4 Bxc4 14. dxc4 Bxc3 15. bxc3 Qc7 16. Qb3 Nd8 17. Rab1 Ne6 18. Qxb6 Qxb6 19. Rxb6 Nc5 20. Ra1 Rac8 21. Bd5 Rc7 22.
Kf1 Ra8 23. Ke1 Kf8 24. Kd2 Ra6 25. Rb5 Ke7 26. Kc2 g5 27. Rh1 Nxa4 28. h4 g4 29. Bxb7 Rb6 30. Rxb6 Nxb6 31. Bd5 Nxc4 32. Ra1 Nd6 33.
Rxa5 f6 34. Kb3 h6 35. e4 f5 36. exf5 Nxf5 37. Bg2 Kd6 38. Ra6+ Ke7 39. Ra5 Ke6 40. Bd5+ Kf6 41. Ra6+ Kg7 42. Be4 Ne7 43. c4 Ng8 44. Rg6+ Kf7 45. h5 Nf6 46. Bd5+ Nxd5 47. cxd5 Rc5 48. d6 Rd5 49. Rxh6 Rd2 50. Kc4 Rxf2 51. Kd5 Re2 52. Rh7+ Kg8 53. Re7 Rd2+ 54. Ke6 Kf8 55. h6 e4 56. h7 Rxd6+ 57. Kxd6 e3 58. h8=Q# 1-0

[Event "*** Titled Tuesday 3|2 Blitz"]
[Site "Chess.com"]
[Date "2015.06.02"]
[Round "7"]
[White "jcibarra"]
[Black "Tal-Baronfew"]
[Result "0-1"]
[WhiteElo "2524"]
[BlackElo "2628"]
[TimeControl "180+2"]
[EndTime "12:30:56 PDT"]
[Termination "Tal-Baronfew won by checkmate"]

1. e4 e5 2. Nf3 Nc6 3. Nc3 Nf6 4. d4 exd4 5. Nxd4 Bc5 6. Be3 Bb6 7. Qd2 O-O 8. O-O-O Re8 9. f3 d5 10. exd5 Nxd5 11.
Bg5 Nde7 12. Nxc6 Qxd2+ 13. Rxd2 Nxc6 14. Nd5 Re1+ 15. Rd1 Rxd1+ 16. Kxd1 h6 17. Bf4 Be6 18. Nxb6 cxb6 19. b3 Rc8 20. c3 Ne7 21. Bd2 Rd8 22. Kc1 Ng6 23. Be2 Ne5 24. g4 f6 25. Be3 Kf7 26. Rd1 Rxd1+ 27. Kxd1 Bd5 28. f4 Nf3 29. h3 g5 30. c4 Be4 31. a4 Nh4 32. a5 bxa5 33. fxg5 hxg5 34. Bxa7 Bc6 35. Kd2 a4 36. b4 Bg2 37. b5 Nf3+ 38. Ke3 Ne5 39. Kf2 Be4 40. Bd4 a3 41. Ke3 Bg2 42. c5 Ke6 43. Bd1 Kd7 44. Ba4 Kc7 45. b6+ Kc8 46. Bb3 Bxh3 47. Be6+ Kb8 48. Ke4 Bxg4 49. Ba2 Bd7 50.
Kd5 g4 51. Bf2 Bc6+ 52. Kd6 Nd3 53. Bg3 f5 54. Bb1 f4 55. Bh4 g3 56. Bxd3 a2 57.
Bf6 g2 58. Be5 g1=Q 59. Ke7+ Ka8 60. Bxf4 Qe1+ 61. Kd8 a1=Q 62. Bd6 Qf6+ 63. Kc7 Qf7+ 64. Kc8 Qee8# 0-1

[Event "*** Titled Tuesday 3|2 Blitz"]
[Site "Chess.com"]
[Date "2015.06.02"]
[Round "7"]
[White "Aygehovit1992"]
[Black "GeorgMeier"]
[Result "0-1"]
[WhiteElo "2431"]
[BlackElo "2718"]
[TimeControl "180+2"]
[EndTime "12:30:58 PDT"]
[Termination "GeorgMeier won by resignation"]

1. e4 e6 2. d4 d5 3. Nc3 dxe4 4. Nxe4 Nd7 5. Nf3 Ngf6 6. Bg5 h6 7. Nxf6+ Nxf6 8.
Be3 Bd6 9. Bd3 O-O 10. Qd2 Nd5 11. O-O-O b6 12. Ne5 Nxe3 13. Qxe3 Bb7 14. f4 c5 15.
Be4 Qc7 16. Bxb7 Qxb7 17. g4 Rad8 18. dxc5 Bxc5 19. Qg3 Qe4 20. Rde1 Qd5 21. Kb1 Qd2 22.
Nd3 Rd5 23. h4 Rc8 24. Rh2 Qa5 25. g5 h5 26. g6 Bd4 27. gxf7+ Kxf7 28. Rg2 Bf6 29.
Qg6+ Ke7 30. Rge2 Rc6 31. Ne5 Rcd6 32. Qf7+ Kd8 33. Nd3 Qb5 34. a4 Qd7 35. Qg8+ Qe8 36. Qh7 Qf7 37. Qe4 Qd7 38. Qf3 a5 39. Re4 Rd4 40. Rxd4 Rxd4 41. Qxh5 Rxa4 42. Qh8+ Kc7 43. Qa8 Rd4 44. Qa7+ Kd8 45. Qxb6+ Ke7 46. f5 Rd6 47.
Rxe6+ Rxe6 48. fxe6 Qxe6 49. Qxa5 Qh3 50. Qb4+ Kf7 51.
Qc4+ Kf8 52. Qc5+ Kf7 53. h5 Qh1+ 54. Ka2 Qa8+ 55. Kb3 Qb7+ 56. Qb4 Qf3 57. Qc4+ Kf8 58. Qc5+ Kf7 59. Ka3 Be7 60. Ka2 Qa8+ 61. Qa3 Bxa3 62. bxa3 Qd5+ 0-1

[Event "*** Titled Tuesday 3|2 Blitz"]
[Site "Chess.com"]
[Date "2015.06.02"]
[Round "7"]
[White "stepanosinovsky"]
[Black "Tirantes"]
[Result "0-1"]
[WhiteElo "2285"]
[BlackElo "2234"]
[TimeControl "180+2"]
[EndTime "12:31:55 PDT"]
[Termination "Tirantes won on time"]

1. Nf3 Nf6 2. g3 g6 3. Bg2 Bg7 4. O-O c5 5. d3 O-O 6. e4 Nc6 7. Nc3 d6 8. Nh4 Rb8 9. a4 a6 10. f4 Bd7 11. f5 e6 12. Bf4 Ne5 13. a5 exf5 14. exf5 Bc6 15. Qd2 Bxg2 16. Nxg2 Qd7 17. Ne3 Nh5 18. Ncd5 Nxf4 19. Rxf4 f6 20. Qg2 Bh6 21.
Rf2 Rbe8 22. Raf1 Bxe3 23. Nxe3 g5 24. Nd5 h5 25. b3 g4 26. Re2 Qc6 27. c4 Kg7 28.
Re3 Nf3+ 29. Rexf3 gxf3 30. Qxf3 Rh8 31. g4 Kf7 32. g5 fxg5 33. f6 Re5 34. Qh3 Qc8 35.
Qf3 Qg4+ 36. Qxg4 hxg4 37. Rf2 Rh3 38. Rd2 Rf3 39. Kg2 Rxd5 40. cxd5 Kxf6 41. d4 cxd4 42.
Rxd4 Rxb3 43. Rxg4 Kf5 44. Rc4 Rb5 45. Rc7 Rxa5 46. Rxb7 Rxd5 47. Rb6 a5 48. Ra6 Kf4 49.
Ra8 Rd2+ 50. Kg1 Ra2 51. Rd8 Ke5 52. Rg8 Kf4 53. Rd8 Rd2 54. Ra8 Rd5 55. Kf2 g4 56. Rf8+ Ke4 57. Re8+ Re5 58. Ra8 Kd3 59. Kg3 Rg5 60.
Kf4 Rh5 61. Kxg4 Rxh2 62. Rxa5 Kc4 63. Kf3 d5 64. Ra8 d4 65. Rd8 Kc3 66. Ke4 Re2+ 67.
Kf3 Re1 68. Kf2 Re7 69. Rc8+ Kd2 70. Rc6 d3 71. Rf6 Kc1 72. Rc6+ Kd1 73. Rd6 d2 74.
Rf6 Re5 75. Rc6 Rf5+ 76. Ke3 Ke1 77. Ke4 Rf8 0-1

[Event "*** Titled Tuesday 3|2 Blitz"]
[Site "Chess.com"]
[Date "2015.06.02"]
[Round "7"]
[White "megarompa"]
[Black "zmaj23"]
[Result "1-0"]
[WhiteElo "2691"]
[BlackElo "2418"]
[TimeControl "180+2"]
[EndTime "12:32:05 PDT"]
[Termination "megarompa won by resignation"]

1. d4 Nf6 2. Nf3 e6 3. Bg5 h6 4. Bxf6 Qxf6 5. e4 d5 6. e5 Qd8 7.
c4 c5 8. cxd5 exd5 9. Bb5+ Nc6 10. O-O Be7 11. Nc3 O-O 12. dxc5 Be6 13. Rc1 Bxc5 14. Na4 Be7 15. Bxc6 bxc6 16. Nd4 Bd7 17. Nxc6 Bxc6 18. Rxc6 Rb8 19. b3 Qd7 20. Qc2 Rfc8 21. Rc1 Re8 22. f4 Ba3 23. Rd1 Qg4 24. g3 Rec8 25.
Rxc8+ Rxc8 26. Qd2 Bb4 27. Qd3 g6 28. Kg2 h5 29. h3 Qe6 30. Rf1 Kg7 31. Qd4 a5 32. Qd3 Qc6 33. Rf3 Qc1 34. Rf2 h4 35. g4 Be1 36.
Re2 Bg3 37. f5 Qa1 38. f6+ Kg8 39. e6 Qxf6 40. e7 Re8 41. Qxd5 Bd6 42. Nb6 Rxe7 43.
Rf2 Qe6 44. Qxe6 Rxe6 45. Nc4 Kg7 46. Kf3 Bc5 47. Re2 Rf6+ 48. Ke4 Bb4 49. a3 Bf8 50.
Rd2 Rf1 51. Rd5 Re1+ 52. Kf4 Rc1 53. Nxa5 Rc3 54. g5 Rxh3 55. Kg4 Rh1 56. a4 h3 57. Rd3 h2 58. Kg3 Rg1+ 59. Kxh2 Rxg5 60. Nb7 Rf5 61. Kg2 Bb4 62. Rd4 Bc3 63. Rc4 Be1 64. Re4 Bc3 65. b4 Rg5+ 66. Kf1 f5 67. Rc4 Be5 68. a5 Rh5 69. a6 g5 70. a7 Rh1+ 71. Kg2 Rh8 72.
Rc5 Bd4 73. b5 g4 74. b6 f4 75. Rg5+ Kf6 76. Rh5 Rg8 77. Rd5 f3+ 78. Kg3 f2 79.
Kg2 Bxb6 80. Rd6+ Ke5 81. Rxb6 Rf8 82. Rb5+ Kd4 83. Rb1 Kc4 84. Ra1 Kc3 85. Nd6 Kb2 86. Rf1 Ra8 87. Rxf2+ Kb3 88. Rf7 Kb4 89. Rb7+ Kc5 90. Nb5 1-0

[Event "*** Titled Tuesday 3|2 Blitz"]
[Site "Chess.com"]
[Date "2015.06.02"]
[Round "7"]
[White "AlexanderL"]
[Black "MITerryble"]
[Result "1/2-1/2"]
[WhiteElo "2533"]
[BlackElo "2532"]
[TimeControl "180+2"]
[EndTime "12:32:15 PDT"]
[Termination "Game drawn - insufficient material"]

1. d4 e6 2. Bf4 Nf6 3. e3 b6 4. Nf3 Bb7 5. h3 Bd6 6. Bxd6 cxd6 7. c4 d5 8. Nc3 O-O 9. Rc1 dxc4 10. Bxc4 d5 11.
Bd3 Nc6 12. O-O Rc8 13. Qa4 a6 14. b4 b5 15. Qb3 Qe7 16. Rb1 Nxb4 17. Qxb4 Qxb4 18. Rxb4 Rxc3 19. Ne5 Rfc8 20. a4 a5 21. Rxb5 Ba6 22. Rfb1 Bxb5 23. Rxb5 Nd7 24. Nxd7 Rxd3 25. Rxa5 Ra3 26. Nc5 Rb8 27. Nd7 Rd8 28. Nc5 h5 29.
Rb5 Ra8 30. h4 R3xa4 31. Nxa4 Rxa4 32. Rb8+ Kh7 33. Kh2 Ra2 34. Kg3 g6 35. f3 Kg7 36. Rb3 Rd2 37. Rb1 Re2 38. Rb3 Rd2 39. Kh3 Kf6 40. g4 Kg7 41. gxh5 gxh5 42. Kg3 Kf6 43. Rb8 Re2 44. Rb3 Kf5 45. Ra3 f6 46. Rb3 e5 47. Rd3 exd4 48. Rxd4 Rxe3 49. Rxd5+ Kg6 50.
Rd8 Ra3 51. Re8 Rb3 52. Rg8+ Kf7 53. Rc8 Kg6 54. Rc4 Ra3 55. Kf4 Rb3 56. Ke4 Ra3 57. f4 Rh3 58. f5+ Kh6 59. Kd5 Re3 60. Re4 Rg3 61. Re6 Rg4 62. Rxf6+ Kg7 63. Ra6 Rxh4 64.
Ke5 Rh1 65. Ra7+ Kg8 66. Kf6 Rg1 67. Ra4 Kh7 68. Kf7 Kh6 69. f6 Rf1 70. Ra8 h4 71.
Rg8 Kh5 72. Ke6 h3 73. f7 Kh4 74. f8=Q Rxf8 75. Rxf8 h2 76. Kf5 Kg3 77. Rg8+ Kf2 78.
Rh8 Kg2 79. Kg4 h1=Q 80. Rxh1 Kxh1 1/2-1/2

[Event "*** Titled Tuesday 3|2 Blitz"]
[Site "Chess.com"]
[Date "2015.06.02"]
[Round "7"]
[White "ruifeng"]
[Black "oggy1984"]
[Result "1-0"]
[WhiteElo "2126"]
[BlackElo "2315"]
[TimeControl "180+2"]
[EndTime "12:32:24 PDT"]
[Termination "ruifeng won by resignation"]

1. e4 e6 2. d4 d5 3. Nc3 Bb4 4. e5 c5 5. a3 Bxc3+ 6. bxc3 Ne7 7. Nf3 Bd7 8. Bd3 Ba4 9. O-O c4 10. Be2 Nbc6 11. Rb1 Qc7 12. Bf4 Ng6 13. Bg3 O-O 14. h4 Nge7 15. Qd2 h6 16. h5 b6 17.
Bf4 Rfb8 18. g4 Kf8 19. Nh4 Ke8 20. Bh2 Kf8 21. f4 Qd8 22. Bg3 Kg8 23. f5 Kh8 24. f6 Ng8 25. g5 hxg5 26. Qxg5 Qf8 27. Rbc1 gxf6 28. exf6 Qh6 29. Qxh6+ Nxh6 30. Bxb8 Nxb8 31.
Kf2 Nd7 32. Ke3 Rg8 33. Rf2 Rg4 34. Bxg4 Nxg4+ 35. Ke2 Nxf2 36. Kxf2 Nxf6 37. Ke3 Nxh5 38. Nf3 Ng7 39. Ne5 Kg8 40. Kd2 Nf5 41. Ng4 Nd6 42. Nf2 f6 43. Rg1+ Kf7 44. Rh1 Kg6 45.
Rg1+ Kf5 46. Rg7 a5 47. Rg8 Be8 48. Rg7 b5 49. Rg8 Kf4 50. Nh3+ Kf5 51. Nf2 e5 52.
dxe5 fxe5 53. Nh3 d4 54. cxd4 exd4 55. Rg5+ Kf6 56. Rd5 c3+ 57. Kc1 Ke6 58. Rxd4 Nc4 59. a4 Ke5 60. Rh4 Nd6 61. axb5 Bxb5 62. Nf2 Kd5 63. Nd3 a4 64. Nb4+ Kc5 65. Na2 a3 66. Nxc3 Bc6 67. Kb1 Nc4 68. Ka2 Be8 69. Rf4 Bd7 70. Re4 Bc6 71. Rh4 Be8 72. Ne4+ Kb4 73. Nd6 Bb5 74. Nxb5 Kxb5 75. Kb3 Ne3 76. Rh5+ Kb6 77.
Rh8 Kb7 78. Rh4 a2 79. Ra4 Nf1 80. Rxa2 Nd2+ 81. Kb4 Ne4 82. c4 Nd6 83. Rh2 Nc8 84. Rh6 Kb8 1-0

[Event "*** Titled Tuesday 3|2 Blitz"]
[Site "Chess.com"]
[Date "2015.06.02"]
[Round "7"]
[White "Krutoy123"]
[Black "Cruel_Yaro"]
[Result "1/2-1/2"]
[WhiteElo "2140"]
[BlackElo "2547"]
[TimeControl "180+2"]
[EndTime "12:32:28 PDT"]
[Termination "Game drawn by agreement"]

1. b3 e6 2. Bb2 a5 3. e3 f6 4. f4 Nh6 5. Nf3 Nf7 6. Be2 Be7 7. O-O O-O 8. c4 d5 9. Nc3 c6 10. d4 f5 11. Rc1 Nd7 12. Qc2 Nf6 13. Ne5 Bd7 14.
Bf3 b5 15. cxb5 cxb5 16. Qe2 Rb8 17. Rfd1 Qb6 18. h3 Rb7 19. g4 Nxe5 20. dxe5 Ne4 21. Nxe4 fxe4 22. Bg2 Bc5 23. Re1 Rc7 24. Kh1 b4 25. Qf2 Rfc8 26. Qd2 Bb5 27. f5 Bd3 28.
Ba1 exf5 29. gxf5 Qh6 30. Qf2 Bxe3 31. Rxc7 Rxc7 32. Rxe3 Rc1+ 33. Kh2 Rxa1 34. Rg3 Rc1 35. Qa7 Rc8 36. f6 g6 37. Qe7 Qf8 38. Qe6+ Kh8 39. Qxd5 Rd8 40. Qb7 Re8 41. Bxe4 Bxe4 42. Qxe4 Qxf6 43.
exf6 Rxe4 44. Rg2 Kg8 45. Rc2 Kf7 46. Kg3 Kxf6 47. Rc5 Re5 48. Rc2 g5 49. Kg4 Re4+ 50.
Kf3 Kf5 51. Rc7 Rf4+ 52. Kg3 Rd4 53. Rc5+ Kg6 54. Rxa5 h5 55. Ra6+ Kf5 56. Ra5+ Kg6 57. Ra6+ Kf5 58. Ra5+ Kf6 59. Kf3 Rd3+ 60. Kg2 h4 61.
Ra4 Rd4 62. a3 Rd2+ 63. Kg1 Rd3 64. Kg2 Rg3+ 65. Kh2 Rxb3 66. axb4 Rb2+ 67. Kg1 Kf5 68. b5 Rxb5 69. Kg2 Rb2+ 70. Kg1 Re2 71. Kf1 Re4 72. Ra3 Kf4 73. Kf2 Rb4 74. Rf3+ Ke4 75. Re3+ Kf5 76. Re2 Kf4 77. Kg2 Rb3 78. Rf2+ Ke4 79. Re2+ Re3 80. Ra2 Rd3 81. Re2+ Kf4 82. Rf2+ Ke3 83. Rf3+ Ke4 84. Rxd3 Kxd3 85. Kf3 Kd4 86. Kg4 Ke5 87.
Kxg5 Ke6 88. Kxh4 Kf7 89. Kg3 Kg8 90. Kg2 Kh8 91. Kf2 Kg8 1/2-1/2